 Dungeon Crawl Stone Soup version 0.28.0-53-g5a82cb258f (webtiles) character file.

Game seed: 7471787982520318051

95 Zeld the Conjurer (level 4, -3/24 HPs)
             Began as a Deep Elf Conjurer on June 11, 2022.
             Slain by Ijyb
             ... wielding a +0 dagger
              (6 damage)
             ... on level 4 of the Dungeon.
             The game lasted 00:01:45 (1489 turns).

Zeld the Conjurer (Deep Elf Conjurer)               Turns: 1489, Time: 00:01:45

Health: -3/24      AC:  2    Str:  4    XL:     4   Next: 39%
Magic:  6/12       EV: 12    Int: 25    God:
Gold:   48         SH:  0    Dex: 13    Spells: 8/11 levels left

rFire   . . .      SeeInvis .   (no weapon)
rCold   . . .      Faith    .   (no shield)
rNeg    . . .      Spirit   .   a - +0 robe
rPois   .          Reflect  .   (no helmet)
rElec   .          Harm     .   (no cloak)
rCorr   .          Rampage  .   (no gloves)
Will    .....                   (no boots)
Stlth   +.........              (no amulet)
HPRegen 0.08/turn               (no ring)
MPRegen 0.13/turn               (no ring)

@: confused
A: no striking features
a: no special abilities


You were on level 4 of the Dungeon.
You visited 1 branch of the dungeon, and saw 4 of its levels.

You collected 48 gold pieces.

Inventory:

Armour
 a - a +0 robe (worn)
Scrolls
 c - a scroll of enchant weapon {unknown}
 e - a scroll of summoning {unknown}
Potions
 b - a potion of might {unknown}
 d - a potion of brilliance {unknown}


   Skills:
 - Level 2.4 Dodging
 - Level 2.4 Stealth
 + Level 4.2 Spellcasting
 + Level 5.1 Conjurations
 - Level 2.0 Hexes
 - Level 2.0 Translocations


You had 8 spell levels left.
You knew the following spells:

 Your Spells              Type           Power      Damage    Failure   Level
a - Magic Dart            Conj           100%       1d8       1%          1
b - Searing Ray           Conj           62%        2d6       1%          2

Your spell library contained the following spells:

 Spells                   Type           Power      Damage    Failure   Level
 Dazzling Flash           Conj/Hex       46%        N/A       6%          3
 Fulminant Prism          Conj/Hex       11%        3d9       21%         4
 Iskenderun's Mystic Bla  Conj/Tloc      23%        2d6       21%         4
 Lee's Rapid Deconstruct  Erth           2%         3d6*      94%         5


Dungeon Overview and Level Annotations

Branches:
Dungeon (4/15)
 Temple: D:4-7

Altars:
Dithmenos
Makhleb

Annotations:
D:4 Ijyb


Message History

(Press . to maintain the ray.)
The adder closely misses you.
The searing ray hits the adder!
You kill the adder!
The searing ray misses Ijyb.
Unknown command.
The searing ray hits Ijyb.
Ijyb is moderately wounded.
Ijyb zaps a wand.
Your will is overpowered!
You are confused.
Unknown command.
Unknown command.
Unknown command.
Unknown command.
Ijyb zaps a wand.
Your will is overpowered!
You are more confused.
You hear the slow rusting of a distant drain.
Ijyb zaps a wand.
Your will is overpowered!
You are more confused.
You bump into the rock wall.
You bump into the rock wall.
You bump into the rock wall.
You bump into the rock wall.
Ijyb hits you with a +0 dagger.
You're too confused to move!
Ijyb hits you but does no damage.
You bump into the rock wall.
Ijyb zaps a wand.
You resist with some effort. Ijyb hits you with a +0 dagger.
Ijyb hits you with a +0 dagger.
* * * LOW HITPOINT WARNING * * *
You're too confused to move!
Ijyb hits you with a +0 dagger.
* * * LOW HITPOINT WARNING * * *
You feel less confused.
Ijyb shouts!
Ijyb screams, "I no like you!"
Ijyb zaps a wand.
Your will is overpowered!
You are confused.
The now-empty wand crumbles to dust.
Ijyb hits you with a +0 dagger.
* * * LOW HITPOINT WARNING * * *
Ijyb hits you with a +0 dagger.
You die...

#.....# ##.....# ##
#......##..
#####..(...(..
...#.†......
#.#......#
#........#
#.##.....# #
#.....g@.# # #.
#.##...<.#
#.#.######.#..#####
...........#.##
....#...###..#
#.##..## #.##
#....## #.# ###...#
##.# #.#.# #..#


You could see Ijyb.

Vanquished Creatures
  A centaur skeleton (D:4)
  2 adders
  An ufetubus (D:4)
  An adder skeleton (D:2)
  A worm (D:2)
  A dart slug (D:2)
  An endoplasm (D:1)
  A giant cockroach (D:2)
  3 goblins
  5 hobgoblins
  2 jackals (D:4)
  4 ball pythons
  3 bats
  10 frilled lizards
  A giant cockroach zombie (D:2)
  A kobold (D:2)
  2 rats (D:2)
40 creatures vanquished.

Notes
Turn   | Place    | Note
-------+----------+-------------------------------------------
     0 | D:1      | Zeld the Deep Elf Conjurer began the quest for the Orb.
     0 | D:1      | Reached XP level 1. HP: 10/10 MP: 6/6
   217 | D:1      | Reached skill level 1 in Hexes
   220 | D:1      | Reached skill level 1 in Translocations
   220 | D:1      | Reached XP level 2. HP: 15/15 MP: 2/8
   237 | D:1      | Learned a level 2 spell: Searing Ray
   614 | D:2      | Reached XP level 3. HP: 19/19 MP: 4/9
  1373 | D:3      | Found a shadowy altar of Dithmenos.
  1389 | D:3      | Found a burning altar of Makhleb.
  1441 | D:4      | Reached skill level 5 in Conjurations
  1441 | D:4      | Reached XP level 4. HP: 19/24 MP: 3/12
  1442 | D:4      | Noticed Ijyb
  1489 | D:4      | Slain by Ijyb

Illustrated notes

Levels and vault maps discovered:
D:1:      minmay_arrival_doors, layout_loops_ring, minmay_lizard_pond
D:2:      layout_basic, serial_undead, serial_undead_f, serial_undead_a,
          serial_undead_c, serial_undead_a, chequers_avenue,
          uniq_crazy_yiuf_cottage
D:3:      layout_basic, mainiacjoe_overflow_concentric_impassable,
          tso_oasis_becter, mainiacjoe_overflow_six_doors_small,
          nicolae_qazlal_style_of_elements,
          shapermc_ecumenical_altar_mp_vishouse, uniq_robin, uniq_grinder
D:4:      layout_rooms, general_overflow_altar, mainiacjoe_overflow_paths,
          portal_sewer_entry_a, goddamned_bats, uniq_ijyb

Skill      XL: |  1  2  3 |
---------------+----------+-----
Hexes          | 1 2 |  2.0
Translocations | 1 2 |  2.0
Spellcasting   | 4 |  4.2
Conjurations   | 5 |  5.1
Dodging        | |  2.4
Stealth        | |  2.4

Action                   |  1- 3 |  4- 6 || total
-------------------------+-------+-------++-------
Melee: Unarmed           |    13 |       ||    13
       Punch             |     1 |       ||     1
 Cast: Magic Dart        |    62 |       ||    62
       Searing Ray       |     3 |     1 ||     4
Armor: Robe              |     3 |     1 ||     4
Dodge: Dodged            |    23 |     3 ||    26
